XFBL
HOUSTON ASTROS @ PHILADELPHIA PHILLIES
05/17/1982
 
TOP OF THE 1ST
Houston Astros batting - Pitching for Philadelphia Phillies : RHP Jim Beattie
Pitching: RHP Jim Beattie
Batting: RHB Julio Franco 0-0: Fly out, F7 (Flyball, 7, EV 92.5 MPH)
Batting: LHB Jose Cruz 0-0: Ball
1-0: Ball
2-0: Ground out 6-3 (Groundball, 6M, EV 82.5 MPH)
Batting: RHB John Castino 0-0: Ground out 4-3 (Groundball, 4M, EV 84.4 MPH)
Top of the 1st over - 0 runs, 0 hits, 0 errors, 0 left on base; Houston 0 - Philadelphia 0
BOTTOM OF THE 1ST
Philadelphia Phillies batting - Pitching for Houston Astros : RHP Kevin Carr
Pitching: RHP Kevin Carr
Batting: RHB Andy Ramirez 0-0: Ball
1-0: Fly out, F3 (Popup, 3F, EV 65.0 MPH)
Batting: LHB Lou Whitaker 0-0: Called Strike
0-1: Ball
1-1: Ground out 6-3 (Groundball, 6, EV 82.5 MPH)
Batting: RHB Paul Molitor 0-0: Ball
1-0: Ball
2-0: Foul Ball, location: 2F
2-1: SINGLE (Groundball, 6D, EV 105.6 MPH)
Batting: LHB Ken Phelps 0-0: Ball
Paul Molitor is caught stealing 2nd base 2-6
Bottom of the 1st over - 0 runs, 1 hit, 0 errors, 0 left on base; Houston 0 - Philadelphia 0
TOP OF THE 2ND
Houston Astros batting - Pitching for Philadelphia Phillies : RHP Jim Beattie
Batting: LHB Steve Kemp 0-0: Ball
1-0: Fly out, F7 (Flyball, 7S, EV 77.5 MPH)
Batting: SHB Christopher Clark 0-0: Called Strike
0-1: Ball
1-1: Ball
2-1: Ground out 4-3 (Groundball, 4, EV 108.8 MPH)
Batting: RHB Zail Smith 0-0: Called Strike
0-1: Ball
1-1: Ball
2-1: Ball
3-1: Swinging Strike
3-2: Base on Balls
Batting: LHB Jerry Narron 0-0: Ball
1-0: Called Strike
1-1: Ball
2-1: Ball
3-1: DOUBLE (Flyball, 8RXD, EV 95.0 MPH)
Zail Smith to third
Runner from 3rd tries for Home, SAFE, throw by CF to trailing runner, SAFE at third!
Batting: RHB Ricky Adams 0-0: Called Strike
0-1: Foul Ball, location: 2F
0-2: Ball
1-2: Ball
2-2: Fly out, F7 (Line Drive, 7, EV 84.4 MPH)
Top of the 2nd over - 1 run, 1 hit, 0 errors, 1 left on base; Houston 1 - Philadelphia 0
BOTTOM OF THE 2ND
Philadelphia Phillies batting - Pitching for Houston Astros : RHP Kevin Carr
Batting: LHB Ken Phelps 0-0: Ball
1-0: Foul Ball, location: 2F
1-1: Ball
2-1: Foul Ball, location: 2F
2-2: Ground out U3 (Groundball, 3S, EV 80.6 MPH)
Batting: RHB Andre Dawson 0-0: Ball
1-0: Swinging Strike
1-1: Foul Ball, location: 2F
1-2: Foul Ball, location: 2F
1-2: Foul Ball, location: 2F
1-2: Ball
2-2: Fly out, F9 (Flyball, 9LM, EV 88.1 MPH)
Batting: LHB Cecil Cooper 0-0: Called Strike
0-1: Fly out, F7 (Flyball, 7S, EV 87.5 MPH)
Bottom of the 2nd over - 0 runs, 0 hits, 0 errors, 0 left on base; Houston 1 - Philadelphia 0
TOP OF THE 3RD
Houston Astros batting - Pitching for Philadelphia Phillies : RHP Jim Beattie
Batting: RHB Kevin Carr 0-0: Swinging Strike
0-1: Ground out 6-3 (Groundball, 6, EV 108.8 MPH)
Batting: RHB Julio Franco 0-0: Swinging Strike
0-1: Foul Ball, location: 2F
0-2: Ground out 3-1 (Groundball, 23, EV 88.8 MPH)
Batting: LHB Jose Cruz 0-0: Ball
1-0: Called Strike
1-1: Ball
2-1: Ground out U3 (Groundball, 34, EV 91.3 MPH)
Top of the 3rd over - 0 runs, 0 hits, 0 errors, 0 left on base; Houston 1 - Philadelphia 0
BOTTOM OF THE 3RD
Philadelphia Phillies batting - Pitching for Houston Astros : RHP Kevin Carr
Batting: LHB Rick Lancellotti 0-0: Fly out, F3 (Flyball, 3D, EV 72.5 MPH)
Batting: RHB Mike Diaz 0-0: Ball
1-0: Ball
2-0: Foul Ball, location: 2F
2-1: Ground out 5-3 (Groundball, 56S, EV 71.9 MPH)
Batting: RHB Jim Beattie 0-0: Fly out, F6 (Popup, 4MS, EV 70.6 MPH)
Bottom of the 3rd over - 0 runs, 0 hits, 0 errors, 0 left on base; Houston 1 - Philadelphia 0
TOP OF THE 4TH
Houston Astros batting - Pitching for Philadelphia Phillies : RHP Jim Beattie
Batting: RHB John Castino 0-0: Foul Ball, location: 2F
0-1: Swinging Strike
0-2: Foul Ball, location: 2F
0-2: SINGLE (Groundball, 56D, EV 106.3 MPH)
Batting: LHB Steve Kemp 0-0: Ball
1-0: Ball
2-0: Ground out 3-1 (Groundball, 13, EV 80.0 MPH)
John Castino to second
Batting: SHB Christopher Clark 0-0: Called Strike
0-1: Ground out 2-3 (Groundball, 2L, EV 65.6 MPH)
John Castino to third
Batting: RHB Zail Smith 0-0: Called Strike
0-1: Ball
1-1: Fly out, F8 (Flyball, 78M, EV 90.6 MPH)
Top of the 4th over - 0 runs, 1 hit, 0 errors, 1 left on base; Houston 1 - Philadelphia 0
BOTTOM OF THE 4TH
Philadelphia Phillies batting - Pitching for Houston Astros : RHP Kevin Carr
Batting: RHB Andy Ramirez 0-0: Called Strike
0-1: Ball
1-1: Foul Ball, location: 2F
1-2: Fly out, F7 (Line Drive, 7, EV 86.9 MPH)
Batting: LHB Lou Whitaker 0-0: Ball
1-0: SINGLE (Line Drive, 8RS, EV 104.4 MPH)
Batting: RHB Paul Molitor 0-0: Called Strike
Lou Whitaker steals 2nd base
0-1: Called Strike
0-2: Foul Ball, location: 2F
0-2: Foul Ball, location: 2F
0-2: Ball
1-2: Ball
2-2: Fly out, F9 (Flyball, 9S, EV 86.9 MPH)
Batting: LHB Ken Phelps 0-0: Ball
1-0: Called Strike
1-1: 2-RUN HOME RUN (Flyball, 9D, EV 90.0 MPH), Distance : 373 ft
Batting: RHB Andre Dawson 0-0: Foul Ball, location: 2F
0-1: Called Strike
0-2: Ball
1-2: Ground out 5-3 (Groundball, 56, EV 86.3 MPH)
Bottom of the 4th over - 2 runs, 2 hits, 0 errors, 0 left on base; Houston 1 - Philadelphia 2
TOP OF THE 5TH
Houston Astros batting - Pitching for Philadelphia Phillies : RHP Jim Beattie
Batting: LHB Jerry Narron 0-0: Foul Ball, location: 2F
0-1: Swinging Strike
0-2: DOUBLE (Flyball, 89D, EV 88.1 MPH)
Batting: RHB Ricky Adams 0-0: Ground out 3-1 (Groundball, 34S, EV 85.0 MPH)
Jerry Narron to third
Batting: RHB Kevin Carr 0-0: Called Strike
0-1: Foul Ball, location: 2F
0-2: Foul Ball, location: 2F
0-2: Strikes out swinging
Batting: RHB Julio Franco 0-0: Called Strike
0-1: Ball
1-1: Foul Ball, location: 2F
1-2: Ball
2-2: Foul Ball, location: 2F
2-2: Ground out 5-3 (Groundball, 56, EV 101.9 MPH)
Top of the 5th over - 0 runs, 1 hit, 0 errors, 1 left on base; Houston 1 - Philadelphia 2
BOTTOM OF THE 5TH
Philadelphia Phillies batting - Pitching for Houston Astros : RHP Kevin Carr
Batting: LHB Cecil Cooper 0-0: Called Strike
0-1: Ball
1-1: Foul Ball, location: 2F
1-2: Ground out 4-3 (Groundball, 4, EV 100.0 MPH)
Batting: LHB Rick Lancellotti 0-0: Ball
1-0: Swinging Strike
1-1: Foul Ball, location: 2F
1-2: Ball
2-2: Strikes out swinging
Batting: RHB Mike Diaz 0-0: Fly out, F9 (Line Drive, 9, EV 89.4 MPH)
Bottom of the 5th over - 0 runs, 0 hits, 0 errors, 0 left on base; Houston 1 - Philadelphia 2
TOP OF THE 6TH
Houston Astros batting - Pitching for Philadelphia Phillies : RHP Jim Beattie
Batting: LHB Jose Cruz 0-0: Ball
1-0: Foul Ball, location: 2F
1-1: Ball
2-1: Ground out 4-3 (Groundball, 4, EV 80.6 MPH)
Batting: RHB John Castino 0-0: Ball
1-0: Foul Ball, location: 2F
1-1: Ball
2-1: Foul Ball, location: 2F
2-2: Ball
3-2: Foul Ball, location: 2F
3-2: Base on Balls
Batting: LHB Steve Kemp 0-0: Ball
1-0: Called Strike
1-1: Grounds into double play, 6-4-3 (Groundball, 6, EV 85.6 MPH)
Top of the 6th over - 0 runs, 0 hits, 0 errors, 0 left on base; Houston 1 - Philadelphia 2
BOTTOM OF THE 6TH
Philadelphia Phillies batting - Pitching for Houston Astros : RHP Kevin Carr
Pinch Hitting: LHB Terry Bogener 0-0: Called Strike
0-1: Swinging Strike
0-2: Ball
1-2: Foul Ball, location: 2F
1-2: Fly out, F9 (Flyball, 9, EV 89.4 MPH)
Batting: RHB Andy Ramirez 0-0: Called Strike
0-1: Ball
1-1: Fly out, F2 (Popup, 23F, EV 83.1 MPH)
Batting: LHB Lou Whitaker 0-0: Ball
1-0: Called Strike
1-1: Ball
2-1: Ground out 3-1 (Groundball, 34S, EV 81.9 MPH)
Bottom of the 6th over - 0 runs, 0 hits, 0 errors, 0 left on base; Houston 1 - Philadelphia 2
TOP OF THE 7TH
Houston Astros batting - Pitching for Philadelphia Phillies : RHP Jim Beattie
Pitching: RHP Tom Hume
Batting: SHB Christopher Clark 0-0: Ball
1-0: Ball
2-0: Ground out 4-3 (Groundball, 4S, EV 83.8 MPH)
Batting: RHB Zail Smith 0-0: Ball
1-0: Foul Ball, location: 2F
1-1: Ball
2-1: Foul Ball, location: 2F
2-2: Fly out, F7 (Line Drive, 7, EV 89.4 MPH)
Batting: LHB Jerry Narron 0-0: Ball
1-0: Ball
2-0: Called Strike
2-1: Called Strike
2-2: Fly out, F7 (Flyball, 78M, EV 88.1 MPH)
Top of the 7th over - 0 runs, 0 hits, 0 errors, 0 left on base; Houston 1 - Philadelphia 2
BOTTOM OF THE 7TH
Philadelphia Phillies batting - Pitching for Houston Astros : RHP Kevin Carr
Batting: RHB Paul Molitor 0-0: Foul Ball, location: 2F
0-1: Foul Ball, location: 2F
0-2: Foul Ball, location: 2F
0-2: Ball
1-2: Foul Ball, location: 2F
1-2: Foul Ball, location: 2F
1-2: Ball
2-2: Foul Ball, location: 2F
2-2: Foul Ball, location: 2F
2-2: Foul Ball, location: 2F
2-2: Fly out, F8 (Flyball, 8LM, EV 86.9 MPH)
Batting: LHB Ken Phelps 0-0: Ball
1-0: Ball
2-0: Ball
3-0: Base on Balls
Batting: RHB Andre Dawson 0-0: Called Strike
0-1: Ball
1-1: Called Strike
1-2: Fly out, F8 (Line Drive, 8RD, EV 92.5 MPH)
Batting: LHB Cecil Cooper 0-0: Called Strike
0-1: Swinging Strike
0-2: Foul Ball, location: 2F
0-2: SINGLE (Line Drive, 8RS, EV 91.3 MPH)
Ken Phelps to second
Runner from 2nd tries for 3rd, SAFE, throw by CF made to third
Batting: LHB Rick Lancellotti 0-0: Ball
1-0: Called Strike
1-1: Ball
2-1: Foul Ball, location: 2F
2-2: Foul Ball, location: 2F
2-2: Strikes out swinging
Bottom of the 7th over - 0 runs, 1 hit, 0 errors, 2 left on base; Houston 1 - Philadelphia 2
TOP OF THE 8TH
Houston Astros batting - Pitching for Philadelphia Phillies : RHP Tom Hume
Batting: RHB Ricky Adams 0-0: Called Strike
0-1: Ball
1-1: Called Strike
1-2: Strikes out swinging
Batting: RHB Kevin Carr 0-0: Ball
1-0: Ball
2-0: Swinging Strike
2-1: Ball
3-1: Swinging Strike
3-2: Strikes out swinging
Batting: RHB Julio Franco 0-0: Foul Ball, location: 2F
0-1: Ball
1-1: Ground out 6-3 (Groundball, 6, EV 86.9 MPH)
Top of the 8th over - 0 runs, 0 hits, 0 errors, 0 left on base; Houston 1 - Philadelphia 2
BOTTOM OF THE 8TH
Philadelphia Phillies batting - Pitching for Houston Astros : RHP Kevin Carr
Batting: RHB Mike Diaz 0-0: Ball
1-0: Ball
2-0: Foul Ball, location: 2F
2-1: Called Strike
2-2: Strikes out swinging
Batting: RHB Tom Hume 0-0: Called Strike
0-1: Foul Ball, location: 2F
0-2: Ball
1-2: Fly out, F6 (Popup, 6MD, EV 63.8 MPH)
Batting: RHB Andy Ramirez 0-0: Called Strike
0-1: Ball
1-1: Ball
2-1: Ball
3-1: Foul Ball, location: 2F
3-2: Foul Ball, location: 2F
3-2: Ground out 3-1 (Groundball, 34, EV 83.8 MPH)
Bottom of the 8th over - 0 runs, 0 hits, 0 errors, 0 left on base; Houston 1 - Philadelphia 2
TOP OF THE 9TH
Houston Astros batting - Pitching for Philadelphia Phillies : RHP Tom Hume
Now at 1B: Ivan de Jesus
Now in RF: Andy Guerrero
Batting: LHB Jose Cruz 0-0: Fly out, F8 (Line Drive, 8LD, EV 95.6 MPH)
Batting: RHB John Castino 0-0: Ball
1-0: Ball
2-0: Swinging Strike
2-1: Foul Ball, location: 2F
2-2: Foul Ball, location: 2F
2-2: Ball
3-2: Fly out, F9 (Line Drive, 9, EV 89.4 MPH)
Batting: LHB Steve Kemp 0-0: Ball
1-0: Ball
2-0: Swinging Strike
2-1: SINGLE (Line Drive, 9S, EV 104.4 MPH)
Batting: SHB Christopher Clark 0-0: Called Strike
0-1: Called Strike
0-2: Strikes out swinging
Top of the 9th over - 0 runs, 1 hit, 0 errors, 1 left on base; Houston 1 - Philadelphia 2
Friday, July 31st, 2020 - OOTP Baseball 21.5 Build 76